Match 42428666
Unlisted

Match 42428666
End
Kradschützen Motorcycle Team
250 Light Carrier
Selects Italian Infantry
Panzergrenadier Squad
Construct Light Support Kompanie
MG34 Team
2.5-tonne Medical Truck
Selects Guastatori Squad
Guastatori Squad
Guastatori Squad
Guastatori Squad
Guastatori Squad
Guastatori Squad
Selects Defensive Operations
Selects Prepared Positions
Fire Support Elements
Construct Panzerarmee Kommand
I'm Negan
Adas_Co_Ma_Dlugi
Marcin Łopian
qZeto
BIOHAZARD
Gorgolo
0
0

Comments sign in to comment!

No comments posted yet!